 Dungeon Crawl Stone Soup version 0.21.1-1-g345015f (webtiles) character file.

754 JNO the Chopper (level 7, -1/62 HPs)
             Began as a Hill Orc Fighter on May 24, 2018.
             Was an Initiate of Trog.
             Slain by a killer bee (7 damage)
             ... on level 3 of the Dungeon.
             The game lasted 00:15:26 (3877 turns).

JNO the Chopper (Hill Orc Fighter)                  Turns: 3877, Time: 00:15:27

Health: -1/62      AC:  8    Str: 21    XL:     7   Next: 79%
Magic:  7/7        EV:  8    Int:  8    God:    Trog [......]
Gold:   88         SH: 10    Dex: 10    Spells: 6/6 levels left

rFire    + . .     SeeInvis .   a - +0 war axe
rCold    + . .     Gourm    .   c - +0 shield
rNeg     . . .     Faith    .   b - +0 scale mail
rPois    +         Spirit   .   u - +0 helmet (curse)
rElec    +         Reflect  .   (no cloak)
rCorr    +         Harm     .   (no gloves)
MR       .....                  (no boots)
Stlth    ..........             (no amulet)
HPRegen  0.20/turn              (no ring)
MPRegen  0.10/turn              (no ring)

@: lethally poisoned (-1 -> -12), resistant
A: no striking features
a: Burn Spellbooks, Renounce Religion


You were on level 3 of the Dungeon.
You worshipped Trog.
Trog was noncommittal.
You were hungry.

You visited 1 branch of the dungeon, and saw 4 of its levels.

You collected 88 gold pieces.

Inventory:

Hand Weapons
 a - a +0 war axe (weapon)
 p - a +0 hunting sling
Missiles
 g - 26 bolts
 j - 204 stones (quivered)
 q - 59 sling bullets
 r - 55 arrows
 x - 2 steel tomahawks
Armour
 b - a +0 scale mail (worn)
 c - a +0 shield (worn)
 u - a cursed +0 helmet (worn)
Wands
 d - a wand of digging (10)
Scrolls
 e - 2 scrolls of fear
 h - a scroll of remove curse
 i - a scroll of magic mapping {unknown}
 k - 2 scrolls of enchant weapon {unknown}
 l - 4 scrolls of identify
 s - a scroll of amnesia {unknown}
Potions
 m - 2 potions of curing {unknown}
 n - 2 potions of lignification {unknown}
 o - 2 potions of resistance
 t - a potion of flight {unknown}
Comestibles
 f - 3 rations


   Skills:
 + Level 5.7 Fighting
 + Level 7.8 Axes
 + Level 1.3 Slings
 - Level 3.5 Armour
 - Level 0.3 Dodging
 + Level 5.7 Shields


You had 6 spell levels left.
You didn't know any spells.

Dungeon Overview and Level Annotations

Branches:
Dungeon (4/15)
 Temple: D:4-7

Altars:
Elyvilon
Hepliaklqana
Okawaru
Trog


Message History

You feel protected. The killer bee barely misses you.
The killer bee stings you but does no damage.
You closely miss the killer bee.
The killer bee is severely wounded.
You feel sick. The killer bee stings you.
* * * LOW HITPOINT WARNING * * *
You are lethally poisoned!
The killer bee poisons you! You block the killer bee's attack. x2
You miss the killer bee.
The killer bee is severely wounded.
* * * LOW HITPOINT WARNING * * *
You feel sick.
The killer bee stings you but does no damage.
You block the killer bee's attack.
Your shield prevents you from hitting the killer bee.
The killer bee is severely wounded.
* * * LOW HITPOINT WARNING * * *
You feel sick. The killer bee stings you!
You die...

#.# ###....... #.#
##.#...)... #.# ##..........
#.# ##.....)).... ##.#
##.....#......
#..###......#).....
###.#................
##..y=..........##..##
###....@...##........)..
#.........####.#####.###
###._.....### #.....#.#
#..........#########.#.###
####.....⌠.._....######......
#..............#..........###
#.##..._.......##########....
#.###........### ##...... #.#
#......### ###<......


You could see a killer bee.

Vanquished Creatures
  A water moccasin (D:3)
  A sky beast (D:3)
  An ogre (D:3)
  2 scorpions (D:4)
  A howler monkey (D:4)
  2 hounds (D:3)
  An orc priest (D:4)
  Robin (D:3)
  5 gnolls (D:3)
  7 adders
  2 worms
  2 dart slugs (D:2)
  5 leopard geckos
  15 orcs
  2 giant cockroaches (D:1)
  11 goblins
  11 hobgoblins
  11 jackals
  A quokka (D:3)
  11 bats
  6 frilled lizards
  8 kobolds
  9 rats
116 creatures vanquished.

Notes
Turn   | Place    | Note
-------+----------+-------------------------------------------
     0 | D:1      | JNO the Hill Orc Fighter began the quest for the Orb.
     0 | D:1      | Reached XP level 1. HP: 19/19 MP: 1/1
   275 | D:1      | Reached XP level 2. HP: 23/27 MP: 2/2
   799 | D:1      | Reached skill level 3 in Axes
  1065 | D:1      | Reached XP level 3. HP: 33/33 MP: 3/3
  1367 | D:2      | Reached XP level 4. HP: 39/40 MP: 4/4
  1576 | D:2      | Reached skill level 4 in Axes
  1994 | D:3      | Reached XP level 5. HP: 41/47 MP: 5/5
  2085 | D:3      | Found a white marble altar of Elyvilon.
  2149 | D:3      | Reached skill level 5 in Axes
  2370 | D:3      | Noticed Robin
  2377 | D:3      | Reached XP level 6. HP: 49/53 MP: 6/6
  2397 | D:3      | Killed Robin
  2418 | D:3      | Reached skill level 6 in Axes
  2643 | D:3      | Found a bloodstained altar of Trog.
  2643 | D:3      | Found a hazy altar of Hepliaklqana.
  2646 | D:3      | Found an iron altar of Okawaru.
  2693 | D:3      | Became a worshipper of Trog the Wrathful
  2886 | D:3      | Noticed a sky beast
  2900 | D:3      | Killed a sky beast
  2900 | D:3      | Reached skill level 5 in Fighting
  2900 | D:3      | Reached skill level 5 in Shields
  3171 | D:3      | Reached XP level 7. HP: 47/61 MP: 7/7
  3265 | D:4      | Reached skill level 7 in Axes
  3490 | D:4      | Reached skill level 1 in Slings
  3877 | D:3      | Slain by a killer bee

Skill      XL: |  1  2  3  4  5  6  7 |
---------------+----------------------+-----
Axes           | 3 4 5 6 7 |  7.8
Fighting       | 4 5 |  5.7
Shields        | 4 5 |  5.7
Slings         | 1 |  1.3
Armour         | |  3.5
Dodging        | |  0.3

Action                   |  1- 3 |  4- 6 |  7- 9 || total
-------------------------+-------+-------+-------++-------
Melee: War axe           |   102 |   171 |    77 ||   350
 Fire: Hunting sling     |       |     5 |     3 ||     8
  Use: Potion            |       |     1 |     2 ||     3
       Scroll            |       |     3 |       ||     3
  Eat: Chunk             |     2 |     2 |     2 ||     6
       Ration            |       |     1 |       ||     1
Armor: Scale mail        |    42 |    91 |    46 ||   179
Dodge: Dodged            |    27 |    65 |    28 ||   120
Block: Shield            |    53 |   115 |    60 ||   228
